 Dungeon Crawl Stone Soup version 0.26-a0-1053-gaff5f71418 (webtiles) character file.

Game seed: 3133786464985488975

85 stormannn the Magician (level 4, 0/24 HPs)
             Began as a Deep Elf Venom Mage on Dec 12, 2020.
             Killed from afar by Sigmund (5 damage)
             ... with a magic dart
             ... on level 2 of the Dungeon.
             The game lasted 00:04:25 (2034 turns).

stormannn the Magician (Deep Elf Venom Mage)        Turns: 2034, Time: 00:04:26

Health: 0/24       AC:  7    Str:  5    XL:     4   Next: 25%
Magic:  6/12       EV: 12    Int: 21    God:
Gold:   68         SH:  0    Dex: 15    Spells: 8/11 levels left

rFire    . . .     SeeInvis .   e - +0 short sword
rCold    . . .     Faith    +   (no shield)
rNeg     . . .     Spirit   .   o - +3 leather armour
rPois    .         Reflect  .   (no helmet)
rElec    .         Harm     .   (no cloak)
rCorr    .         Rampage  .   (no gloves)
Will     .....                  f - +0 pair of boots
Stlth    ++........             n - amulet of faith
HPRegen  0.08/turn              (no ring)
MPRegen  0.13/turn              (no ring)

@: lethally poisoned (0 -> -33)
A: no striking features
a: no special abilities


You were on level 2 of the Dungeon.
You visited 1 branch of the dungeon, and saw 2 of its levels.

You collected 68 gold pieces.

Inventory:

Hand Weapons
 e - a +0 short sword (weapon)
Missiles
 b - 65 stones
 h - 7 curare-tipped darts (quivered)
Armour
 a - a +0 robe
 f - a +0 pair of boots (worn)
 o - a +3 leather armour (worn)
Jewellery
 n - an amulet of faith (around neck)
Scrolls
 c - a scroll of fog {unknown}
 i - 2 scrolls of teleportation {unknown}
 k - a scroll of amnesia {unknown}
 l - a scroll of identify {unknown}
Potions
 g - a potion of degeneration {unknown}
 j - 2 potions of magic {unknown}
 m - 2 potions of flight {unknown}


   Skills:
 + Level 3.4 Dodging
 - Level 2.4 Stealth
 + Level 4.1 Spellcasting
 + Level 2.4 Transmutations
 + Level 3.9 Poison Magic


You had 8 spell levels left.
You knew the following spells:

 Your Spells              Type           Power        Failure   Level
a - Sting                 Tmut/Pois      ###.         5%          1
b - Poisonous Vapours     Pois/Air       ##....       13%         2

Your spell library contained the following spells:

 Spells                   Type           Power        Failure   Level
 Ignite Poison            Fire/Tmut/Pois ##......     26%         3
 Mephitic Cloud           Conj/Pois/Air  #.......     34%         3
 Olgreb's Toxic Radiance  Pois           ###.....     36%         4


Dungeon Overview and Level Annotations

Branches:
Dungeon (2/15)

Altars:
Ru

Annotations:
D:2 Sigmund


Message History

Press: ? - help, Shift-Dir - straight line, f/p - Sigmund
Aim: Sigmund, wielding a +3 scythe of venom, wearing a +0 robe and carrying a wand of random effects (19) (severely wounded, extremely poisoned, 29% to evade)
The sting hits Sigmund.
Sigmund looks as sick as possible!
Sigmund is severely wounded.
You feel sick.
Sigmund hits you with a +3 scythe of venom!
* * * LOW HITPOINT WARNING * * *
You are more poisoned.
Casting: Sting (safe; 5% risk of failure)
Confirm with . or Enter, or press ? or * to list all spells.
Aiming: Sting (safe; 5% risk of failure)
Press: ? - help, Shift-Dir - straight line, f/p - Sigmund
Aim: Sigmund, wielding a +3 scythe of venom, wearing a +0 robe and carrying a wand of random effects (19) (severely wounded, extremely poisoned, 29% to evade)
The sting hits Sigmund.
Sigmund looks as sick as possible!
Sigmund is almost dead.
* * * LOW HITPOINT WARNING * * *
You feel sick.
Sigmund points at you and mumbles some strange words.
The magic dart hits you.
You die...

.. ##########...
............ #.
..........l #..
........@. ###.#
#........ #...###....?...
###....##.l@#
....._.....@# #.
.##....##### #.. ##...#
#...###รท### #.......#
#.......#####
##........#.###########
####.....#...>...........
........#.##############


You could see Sigmund (extremely poisoned) and a frilled lizard.

Vanquished Creatures
  Terence (D:2)
  Natasha (D:2)
  A dart slug (D:1)
  5 giant cockroaches (D:1)
  3 goblins
  3 hobgoblins (D:1)
  2 jackals (D:1)
  4 kobolds (D:1)
  A quokka (D:2)
  A ball python (D:1)
  2 bats
  2 frilled lizards (D:1)
  8 rats
34 creatures vanquished.

Notes
Turn   | Place    | Note
-------+----------+-------------------------------------------
     0 | D:1      | stormannn the Deep Elf Venom Mage began the quest for the
                  | Orb.
     0 | D:1      | Reached XP level 1. HP: 10/10 MP: 6/6
   261 | D:1      | Reached XP level 2. HP: 15/15 MP: 5/8
  1183 | D:2      | Noticed Terence
  1195 | D:1      | Reached XP level 3. HP: 19/19 MP: 6/10
  1326 | D:1      | Learned a level 2 spell: Poisonous Vapours
  1453 | D:2      | Killed Terence
  1645 | D:2      | Found a sacrificial altar of Ru.
  1649 | D:2      | Noticed Natasha
  1673 | D:2      | Killed Natasha
  1674 | D:2      | Reached skill level 4 in Spellcasting
  1674 | D:2      | Reached XP level 4. HP: 7/24 MP: 4/12
  1995 | D:2      | Noticed Sigmund
  2034 | D:2      | Killed from afar by Sigmund

Illustrated notes

Levels and vault maps discovered:
D:1:      minmay_arrival_wavy_path, layout_basic, minmay_tetromino_o4
D:2:      layout_basic, nicolae_overflow_crystal_walls, uniq_sigmund,
          uniq_terence, uniq_natasha

Skill      XL: |  1  2  3 |
---------------+----------+-----
Dodging        | 3 |  3.4
Transmutations | 2 |  2.4
Spellcasting   | 4 |  4.1
Stealth        | |  2.4
Poison Magic   | |  3.9

Action                   |  1- 3 |  4- 6 || total
-------------------------+-------+-------++-------
Melee: Short sword       |    12 |     2 ||    14
 Cast: Sting             |    58 |     9 ||    67
  Use: Potion            |       |     1 ||     1
Armor: Robe              |     7 |       ||     7
       Leather armour    |     1 |     2 ||     3
Dodge: Dodged            |    30 |       ||    30

Table legend: (Time is in decaauts)
 A = Elapsed time spent in this place.
 B = Non-inter-level travel time spent in this place.
 C = Inter-level travel time spent in this place.
 D = Time resting spent in this place.
 E = Time spent auto-exploring this place.
 F = Levels seen in this place.
 G = Mean time per level.
                   A        B        C        D        E       F      G
               +--------+--------+--------+--------+--------+-----+--------+
         Total |   2036 |   2018 |     18 |    953 |    687 |   2 | 1018.0 |
       Dungeon |   2036 |   2018 |     18 |    953 |    687 |   2 | 1018.0 |
               +--------+--------+--------+--------+--------+-----+--------+

Top non-repeatable levels by time:
     D:1: 1425 daAuts
     D:2: 611 daAuts
